 Dungeon Crawl Stone Soup version 0.30-a0-1082-g70414cbcbb (webtiles) character file.

Game seed: 2895626664956396045

522 pokeman the Magician (level 7, -3/38 HPs)
             Began as a Deep Elf Hedge Wizard on Apr 15, 2023.
             Slain by an orc
             ... wielding a +0 hand axe
              (5 damage)
             ... on level 5 of the Dungeon.
             The game lasted 00:08:35 (3966 turns).

pokeman the Magician (Deep Elf Hedge Wizard)        Turns: 3966, Time: 00:08:36

Health: -3/38      AC:  6    Str: 13    XL:     7   Next: 2%
Magic:  19/20      EV: 13    Int: 21    God:
Gold:   191        SH:  0    Dex: 14    Spells: 3/21 levels left

rFire   . . .      SeeInvis .    s - +1 dagger (venom)
rCold   . . .      Faith    .    (no shield)
rNeg    . . .      Spirit   .    b - +0 robe
rPois   .          Reflect  .    c - +0 hat
rElec   .          Rampage  .    (no cloak)
rCorr   .                        (no gloves)
Will    .....                    (no boots)
Stlth   ++                       p - amulet of magic regeneration
HPRegen 0.26/turn                m - +6 ring of strength
MPRegen 0.57/turn                n - +4 ring of protection

@: on blink cooldown
A: no striking features
a: no special abilities


You were on level 5 of the Dungeon.
You visited 1 branch of the dungeon, and saw 5 of its levels.

You collected 191 gold pieces.

Inventory:

Hand Weapons
 s - a +1 dagger of venom (weapon)
Missiles
 q - 2 throwing nets
Armour
 b - a +0 robe (worn)
 c - a +0 hat (worn)
Magical Staves
 k - a staff of death
Jewellery
 f - an amulet of reflection
 m - a +6 ring of strength (left hand)
 n - a +4 ring of protection (right hand)
 p - an amulet of magic regeneration (around neck)
Wands
 v - a wand of mindburst (19)
 A - a wand of quicksilver (7)
Scrolls
 a - 3 scrolls of enchant weapon {unknown}
 l - a scroll of enchant armour {unknown}
 o - a scroll of silence {unknown}
 t - a scroll of blinking {unknown}
 w - a scroll of identify {unknown}
 x - 2 scrolls of teleportation {unknown}
 y - a scroll of fear {unknown}
Potions
 d - a potion of magic
 e - a potion of flight {unknown}
 g - 2 potions of attraction {unknown}
 h - a potion of lignification {unknown}
 i - 3 potions of curing {unknown}
 j - a potion of haste {unknown}
 r - a potion of brilliance {unknown}
 u - a potion of mutation {unknown}
 z - a potion of cancellation {unknown}


   Skills:
 + Level 1.3 Fighting
 - Level 1.0 Armour
 - Level 3.2 Dodging
 - Level 3.3 Stealth
 * Level 7.5 Spellcasting
 + Level 3.6 Conjurations
 - Level 1.1 Summonings
 - Level 1.1 Necromancy
 - Level 1.1 Translocations
 + Level 0.9 Fire Magic
 - Level 1.0 Air Magic
 - Level 1.0 Poison Magic
 - Level 1.0 Evocations


You had 3 spell levels left.
You knew the following spells:

 Your Spells              Type           Power      Damage    Failure   Level
a - Magic Dart            Conj           92%        1d7       1%          1
b - Mephitic Cloud        Conj/Pois/Air  15%        N/A       12%         3
c - Call Imp              Summ           24%        N/A       8%          2
d - Blink                 Tloc           24%        N/A       8%          2
e - Iskenderun's Mystic   Conj/Tloc      17%        2d5       30%         4
f - Starburst             Conj/Fire      8%         6d4       99%         6

Your spell library contained the following spells:

 Spells                   Type           Power      Damage    Failure   Level
 Slow                     Hex            28%        N/A       9%          1
 Cigotuvi's Dreadful Rot  Necr/Pois/Air  24%        N/A       9%          2
 Dazzling Flash           Conj/Hex       30%        N/A       12%         3
 Volatile Blastmotes      Fire/Tloc      24%        2d12      16%         3


Dungeon Overview and Level Annotations

Branches:
Dungeon (5/15)
 Temple: D:4-7

Altars:

Annotations:
D:4 Grinder


Message History

The cerulean imp barely misses you.
You barely miss Natasha.
Natasha is almost dead.
You kill Natasha!
You feel Natasha's spirit has finally been put to rest.
The cerulean imp disappears in a puff of smoke!
You have reached level 7!
A - a wand of quicksilver (7) Done exploring.
There is a stone staircase leading down here.
You climb downwards.
Found 8 stones.
Found an escape hatch in the floor.
Found a stone staircase leading up.
There is a stone staircase leading up here.
The helpless orc priest fails to defend itself.
You puncture the orc priest!
The orc priest is poisoned.
The orc priest is severely wounded.
The orc shouts! x2; The adder hisses angrily.
The orc priest mumbles some strange prayers to Beogh against you.
Pain shoots through your body! The phantom hits you.
The phantom blinks!
You blink.
The orc wizard casts a spell at you.
You easily resist.
The orc shouts!
The orc priest attacks as you move away!
The orc priest hits you with a +0 club.
The orc priest invokes the aid of Beogh against you.
Beogh smites you!
* * * LOW HITPOINT WARNING * * *
There is a fountain of clear blue water here.
Casting: Mephitic Cloud (dangerous; 12% risk of failure)
Confirm with . or Enter, or press ? or * to list all spells.
You blink.
The orc priest invokes the aid of Beogh against you.
Beogh smites you!
* * * LOW HITPOINT WARNING * * *
Unknown command.
The orc priest miscasts a cantrip.
The orc hits you with a +0 hand axe.
You die...

#####
##...##
##⌠.<.⌠##
#......(#
#.>oS.<.#
#..W.o@.#
##§o.o⌠##
##..o##
##.##
#....
###...
.....
#####


You could see a phantom, an orc priest (very poisoned), an orc wizard, an adder
and 3 orcs.

Vanquished Creatures
  A black bear (D:4)
  An ogre (D:3)
  An orc priest (D:4)
  2 hounds (D:4)
  Natasha (thrice) (D:4)
  2 iguanas (D:4)
  An orc wizard (D:3)
  3 adders
  2 worms
  7 orcs
  7 endoplasms
  3 giant cockroaches
  6 goblins
  7 hobgoblins
  2 jackals (D:1)
  2 quokkas
  10 ball pythons
  2 bats
  4 frilled lizards
  5 kobolds
  6 rats
77 creatures vanquished.

Notes
Turn   | Place    | Note
-------+----------+-------------------------------------------
     0 | D:1      | pokeman the Deep Elf Hedge Wizard began the quest for the
                  | Orb.
     0 | D:1      | Reached XP level 1. HP: 10/10 MP: 7/7
   369 | D:1      | Reached XP level 2. HP: 15/15 MP: 3/9
   906 | D:1      | Reached skill level 5 in Spellcasting
  1247 | D:2      | Reached XP level 3. HP: 20/20 MP: 6/11
  1270 | D:2      | Learned a level 3 spell: Mephitic Cloud
  1273 | D:2      | Learned a level 2 spell: Call Imp
  1276 | D:2      | Learned a level 2 spell: Blink
  1481 | D:2      | Reached skill level 1 in Fighting
  1481 | D:2      | Reached skill level 1 in Armour
  2241 | D:3      | Reached XP level 4. HP: 25/25 MP: 7/13
  2458 | D:3      | Learned a level 4 spell: Iskenderun's Mystic Blast
  2597 | D:3      | Noticed an ogre
  2606 | D:3      | Killed an ogre
  2607 | D:3      | Reached skill level 6 in Spellcasting
  2607 | D:3      | Reached XP level 5. HP: 29/29 MP: 11/15
  3031 | D:4      | Noticed Natasha
  3044 | D:4      | Killed Natasha
  3140 | D:4      | Noticed Grinder
  3148 | D:4      | Reached skill level 1 in Necromancy
  3148 | D:4      | Reached XP level 6. HP: 22/34 MP: 15/17
  3161 | D:4      | Paralysed by Grinder for 3 turns
  3178 | D:4      | Paralysed by Grinder for 5 turns
  3307 | D:4      | Reached skill level 1 in Air Magic
  3330 | D:4      | Reached skill level 7 in Spellcasting
  3330 | D:4      | Reached skill level 1 in Poison Magic
  3427 | D:4      | Reached skill level 1 in Evocations
  3434 | D:4      | Learned a level 6 spell: Starburst
  3444 | D:4      | Noticed Natasha
  3672 | D:4      | Killed Natasha
  3867 | D:4      | Noticed Natasha
  3890 | D:4      | Killed Natasha
  3891 | D:4      | Reached XP level 7. HP: 38/38 MP: 20/20
  3961 | D:5      | Entered Level 5 of the Dungeon
  3966 | D:5      | Slain by an orc

Illustrated notes

Levels and vault maps discovered:
D:1:      dpeg_arrival_leaves_temple_mockup, layout_loops_ring,
          nicolae_concentric_dashed_squares_mild, minmay_misc_feat_rugged
D:2:      layout_rooms, minmay_misc_feat_doors, minmay_fractal_squares_5
D:3:      layout_loops_ring
D:4:      layout_basic, uniq_grinder, uniq_natasha
D:5:      wad_woods_settlement, layout_basic, temple_fountains,
          grunt_ministairs_7, minmay_ogre_servants

Skill      XL: |  1  2  3  4  5  6 |
---------------+-------------------+-----
Spellcasting   | 5 6 7 |  7.5
Fighting       | 1 |  1.3
Armour         | 1 |  1.0
Conjurations   | 2 3 |  3.6
Dodging        | 3 |  3.2
Stealth        | 3 |  3.3
Necromancy     | 1 |  1.1
Air Magic      | 1 |  1.0
Poison Magic   | 1 |  1.0
Evocations     | 1 |  1.0
Summonings     | |  1.1
Translocations | |  1.1
Fire Magic     | |  0.9

Action                     |  1- 3 |  4- 6 |  7- 9 || total
---------------------------+-------+-------+-------++-------
  Melee: Dagger            |    30 |    55 |     1 ||    86
         Punch             |       |     2 |       ||     2
   Cast: Magic Dart        |    94 |    63 |       ||   157
         Mephitic Cloud    |     3 |    13 |       ||    16
         Blink             |       |     2 |     1 ||     3
         Call Imp          |       |     1 |       ||     1
   Stab: Confused          |     2 |     6 |       ||     8
         Sleeping          |       |     1 |     1 ||     2
 Armour: Robe              |     4 |    19 |       ||    23
  Dodge: Dodged            |    17 |    32 |       ||    49
  Block: Other             |     7 |       |       ||     7

Table legend: (Time is in decaauts)
 A = Elapsed time spent in this place.
 B = Non-inter-level travel time spent in this place.
 C = Inter-level travel time spent in this place.
 D = Time resting spent in this place.
 E = Time spent auto-exploring this place.
 F = Levels seen in this place.
 G = Mean time per level.
                   A        B        C        D        E       F      G
               +--------+--------+--------+--------+--------+-----+--------+
         Total |   3966 |   3859 |    107 |    571 |   2647 |   5 |  793.2 |
       Dungeon |   3966 |   3859 |    107 |    571 |   2647 |   5 |  793.2 |
               +--------+--------+--------+--------+--------+-----+--------+

Top non-repeatable levels by time:
     D:1: 1168 daAuts
     D:3: 980 daAuts
     D:2: 971 daAuts
     D:4: 841 daAuts
     D:5: 4 daAuts
